Map: Backwater LE

Players

ZekavatySC

  • Race: Protoss Protoss
  • League: Diamond
  • Spawn Location: 11:00

dooffe - Winner!

  • Race: Zerg Zerg
  • League: Diamond
  • Spawn Location: 5:00

VOD

Have the link to the VOD?

Description

Time

  • Played on: March 25, 2018, 12:32 a.m.
  • Length: 17:02
Show
View Real Time Build Order
Export as new Build Order

ZekavatySC Protoss 

Build Orders: 1 Gate Expand 

Get SALT Encoding   

  12  0:01  Probe  
  13  0:13  Probe  
  14  0:21  Pylon  
  14  0:25  Probe  
  15  0:39  Probe (Chrono Boost)  
  15  0:42  Gateway  
  16  0:54  Probe (Chrono Boost)  
  17  0:57  Assimilator  
  17  0:59  Probe (Chrono Boost)  
  18  1:09  Probe (Chrono Boost)  
  20  1:20  Probe (Chrono Boost)  
  20  1:25  Probe (Chrono Boost)  
  21  1:34  Nexus  
  21  1:43  Cybernetics Core  
  21  1:48  Assimilator  
  21  1:50  Probe  
  22  2:02  Probe  
  22  2:03  Pylon  
  23  2:20  Adept (Chrono Boost)  
  25  2:26  Stargate  
  25  2:27  Probe  
  26  2:35  Warp Gate  
  26  2:39  Probe  
  27  2:50  Probe  
  28  2:51  Probe, Adept (Chrono Boost), Gateway  
  31  3:06  Assimilator  
  31  3:11  Void Ray (Chrono Boost)  
  35  3:31  Probe  
  31  3:34  Stalker  
  34  3:38  Stalker  
  38  3:45  Probe  
  39  3:50  Void Ray  
  43  4:00  Shield Battery  
  43  4:02  Pylon  
  43  4:19  Probe x2  
  45  4:29  Robotics Facility  
  45  4:31  Probe x2  
  47  4:43  Probe  
  48  4:49  Probe, Nexus  
  49  5:01  Probe  
  49  5:05  Pylon  
  49  5:06  Probe  
  51  5:07  Sentry  
  51  5:13  Forge, Probe  
  54  5:23  Probe, Observer  
  54  5:25  Probe  
  54  5:27  Pylon  
  57  5:32  Protoss Ground Weapons Level 1 (Chrono Boost)  
  58  5:35  Probe  
  58  5:45  Immortal (Chrono Boost)  
  58  5:48  Probe  
  58  5:49  Twilight Council, Probe  
  64  6:00  Probe  
  64  6:01  Probe  
  64  6:02  Oracle (Chrono Boost)  
  66  6:06  Pylon x2  
  66  6:08  Probe  
  70  6:13  Probe, Assimilator  
  70  6:14  Probe  
  70  6:15  Charge (Chrono Boost)  
  72  6:21  Immortal (Chrono Boost)  
  76  6:30  Gateway  
  76  6:32  Gateway  
  76  6:40  Probe x2  
  76  6:41  Probe  
  79  6:48  Assimilator  
  79  6:50  Gateway  
  79  6:52  Probe  
  79  6:53  Probe x2, Gateway  
  82  7:13  Probe  
  82  7:14  Probe  
  82  7:15  Probe  
  85  7:19  Warp Prism (Chrono Boost)  
  85  7:22  Gateway  
  87  7:23  Gateway  
  87  7:30  Protoss Ground Weapons Level 2 (Chrono Boost)  
  87  7:39  Zealot x2  
  91  7:50  Pylon x2  
  91  7:51  Pylon  
  91  7:54  Zealot x4  
  99  8:08  Immortal  
  99  8:10  Templar Archives  
  103  8:39  Psionic Storm  
  103  8:41  Probe x3  
  105  8:43  Zealot x2  
  105  8:44  Zealot x4  
  105  8:45  Zealot  
  120  8:57  Assimilator  
  120  9:04  Sentry x2  
  120  9:09  Pylon  
  124  9:11  Pylon  
  124  9:12  Pylon  
  124  9:13  Pylon  
  124  9:15  Pylon  
  124  9:18  Shield Battery  
  110  9:32  Zealot x5  
  118  9:44  High Templar x2  
  118  9:45  High Templar  
  124  9:58  Zealot x2  
  124  9:59  Immortal (Chrono Boost), Protoss Ground Weapons Level 3 (Chrono Boost), Zealot x3  
  134  10:11  Forge  
  132  10:21  High Templar x3  
  132  10:22  High Templar  
  132  10:24  Zealot, Pylon  
  132  10:25  Zealot  
  132  10:27  Gateway  
  144  10:33  Gateway  
  144  10:35  Photon Cannon, Gateway  
  144  10:37  Nexus  
  144  10:40  Pylon  
  144  10:41  High Templar x2  
  144  10:42  Assimilator  
  148  10:46  Assimilator  
  148  10:49  Gateway  
  148  10:50  Shield Battery  
  148  10:51  Photon Cannon  
  148  10:54  Photon Cannon  
  148  11:00  Zealot x2  
  148  11:01  Zealot x4  
  160  11:09  Probe x2  
  162  11:13  Immortal (Chrono Boost)  
  148  11:45  Observer (Chrono Boost)  
  94  11:55  Zealot x5  
  94  11:56  Zealot x4  
  106  12:04  Immortal (Chrono Boost)  
  102  12:20  High Templar x2  
  102  12:21  High Templar x3  
  107  12:32  Zealot  
  107  12:33  Zealot  
  107  12:36  Observer  
  112  12:43  Photon Cannon  
  108  12:47  Photon Cannon  
  108  12:48  High Templar x2  
  96  12:57  Photon Cannon x2  
  96  12:58  Photon Cannon  
  94  12:59  Photon Cannon  
  94  13:01  Photon Cannon  
  58  13:21  Archon  
  58  13:23  Zealot  
  58  13:25  Zealot x7  
  58  13:26  Zealot  
  66  13:32  Photon Cannon x2  
  66  13:33  Photon Cannon  
  66  13:34  Photon Cannon x3  
  66  13:40  Pylon  
  66  13:46  High Templar x4  
  74  13:49  Probe  
  74  13:53  Protoss Ground Armor Level 1 (Chrono Boost)  
  74  14:05  Zealot  
  74  14:06  Zealot x4  
  41  14:30  Zealot x9  
  48  14:34  Archon  
  46  14:39  Probe  
  43  14:48  Probe  
  43  14:51  Probe  
  45  14:59  Nexus  
  45  15:00  Probe  
  45  15:03  Probe  
  47  15:12  Probe  
  47  15:13  High Templar x3  
  50  15:25  High Templar  
  50  15:30  Zealot x4  
  55  15:48  Pylon  
  45  16:38  Probe  
Show
View Real Time Build Order
Export as new Build Order

dooffe Zerg - Winner!

Build Orders: Hatch First, Lurkers 

Get SALT Encoding   

  12  0:01  Drone  
  13  0:09  Drone  
  14  0:16  Overlord  
  14  0:35  Drone x3  
  17  0:53  Hatchery  
  17  0:56  Drone  
  17  0:58  Extractor  
  17  1:00  Drone  
  17  1:17  Spawning Pool  
  16  1:21  Drone x2  
  18  1:28  Drone  
  19  1:48  Overlord  
  19  2:08  Roach Warren  
  18  2:11  Queen  
  18  2:12  Queen  
  18  2:14  Zergling x4  
  24  2:21  Drone x2  
  24  2:22  Drone  
  27  2:41  Overlord, Drone  
  27  2:42  Drone x2  
  30  2:53  Extractor  
  30  3:00  Roach  
  30  3:01  Roach x3  
  38  3:33  Ravager x2  
  39  3:35  Ravager  
  39  3:37  Overlord x2, Drone  
  39  3:38  Drone  
  42  3:48  Drone x2  
  43  3:50  Hatchery, Drone  
  43  3:55  Drone x4  
  48  4:05  Spore Crawler  
  48  4:09  Spore Crawler  
  44  4:21  Queen  
  44  4:22  Queen  
  48  4:34  Drone x3  
  48  4:35  Overlord x2  
  51  4:53  Drone x7  
  58  5:06  Extractor  
  57  5:08  Extractor  
  57  5:13  Drone  
  60  5:14  Drone x3  
  60  5:18  Queen  
  62  5:42  Lair  
  62  5:54  Drone  
  62  5:55  Overlord x2, Hatchery, Drone x5  
  62  5:56  Overlord, Drone  
  62  5:57  Drone x2  
  70  6:15  Extractor  
  69  6:29  Evolution Chamber  
  69  6:30  Evolution Chamber, Drone x5  
  69  6:31  Drone  
  69  6:32  Drone x3  
  76  6:33  Overlord, Drone x2  
  78  6:40  Hydralisk Den  
  77  6:51  Extractor  
  76  6:54  Extractor  
  73  7:05  Spore Crawler  
  62  7:27  Zerg Missile Weapons Level 1, Hydralisk, Zerg Ground Armor Level 1  
  62  7:28  Hydralisk x18  
  100  7:42  Drone x4  
  100  7:43  Drone x5  
  109  7:58  Hydralisk  
  109  8:00  Overlord x2  
  109  8:01  Overlord  
  109  8:04  Grooved Spines  
  111  8:19  Lurker Den  
  107  8:43  Hydralisk  
  107  8:44  Hydralisk x8  
  125  9:05  Hydralisk x2  
  125  9:08  Spore Crawler  
  125  9:09  Spore Crawler x2  
  113  9:44  Hydralisk  
  113  9:45  Hydralisk x10  
  135  10:25  Lurker  
  135  10:27  Overlord x2  
  135  10:28  Overlord x2  
  136  10:50  Spore Crawler  
  136  10:51  Lurker  
  136  10:52  Lurker x5  
  136  10:54  Lurker x3  
  144  10:58  Roach x2  
  144  11:02  Zergling x4  
  144  11:03  Zergling x28  
  164  11:07  Metabolic Boost  
  132  12:05  Zergling x2  
  132  12:06  Zergling x28  
  133  12:19  Zergling x2  
  133  12:20  Zergling x6  
  117  12:51  Drone, Roach  
  117  12:52  Roach x6  
  129  13:00  Hydralisk Den  
  127  13:16  Hatchery  
  120  13:28  Hatchery  
  101  13:50  Roach  
  101  13:51  Roach x16  
  97  14:49  Roach  
  97  14:50  Roach x9  
  109  15:00  Spire  
  109  15:03  Infestation Pit  
  107  15:38  Zergling x8  
  111  15:50  Hive  
  111  16:17  Corruptor x4  
  111  16:18  Corruptor x4  
  121  16:55  Extractor  
  121  16:58  Extractor  
Tags
 
Add a new tag
Caveats
  • Supply blocks, unpowered buildings, or Contaminate may cause inaccurate times.
  • Supply counts are checked every 10 seconds.